 Dungeon Crawl Stone Soup version 0.22-a0-322-g60b3cfd (webtiles) character file.

21 xccam the Ducker (level 2, -11/29 HPs)
             Began as a Gnoll Monk on Apr 3, 2018.
             Mangled by a gnoll
             ... wielding a +0 flail
              (15 damage)
             ... on level 2 of the Dungeon.
             The game lasted 00:00:58 (637 turns).

xccam the Ducker (Gnoll Monk)                        Turns: 637, Time: 00:00:58

Health: -11/29     AC:  2    Str: 13    XL:     2   Next: 87%
Magic:  2/2        EV: 16    Int: 12    God:
Gold:   27         SH:  0    Dex: 17    Spells: 2/2 levels left

rFire    . . .     SeeInvis .   a - +0 mace
rCold    . . .     Gourm    .   (no shield)
rNeg     . . .     Faith    .   b - +0 robe
rPois    .         Spirit   .   (no helmet)
rElec    .         Reflect  .   (no cloak)
rCorr    .         Harm     .   (no gloves)
MR       .....                  (no boots)
Stlth    +++.......             (no amulet)
HPRegen  0.09/turn              (no ring)
MPRegen  0.08/turn              (no ring)

@: no status effects
A: distributed training, fangs 1, strong nose
a: no special abilities


You were on level 2 of the Dungeon.
You were not hungry.

You visited 1 branch of the dungeon, and saw 2 of its levels.

You collected 27 gold pieces.

Inventory:

Hand Weapons
 a - a +0 mace (weapon)
Armour
 b - a +0 robe (worn)
Scrolls
 d - a scroll of teleportation {unknown}
 e - a scroll of amnesia {unknown}
 f - a scroll of identify {unknown}
 h - a scroll of fear {unknown}
 j - a scroll of blinking {unknown}
Potions
 g - a potion of curing {unknown}
 i - a potion of invisibility {unknown}
Comestibles
 c - a ration


   Skills:
 + Level 6.5 Fighting
 + Level 0.5 Short Blades
 + Level 0.5 Long Blades
 + Level 0.5 Axes
 + Level 6.5 Maces & Flails
 + Level 0.5 Polearms
 + Level 0.5 Staves
 + Level 0.5 Slings
 + Level 0.5 Bows
 + Level 0.5 Crossbows
 + Level 0.5 Throwing
 + Level 0.5 Armour
 + Level 6.5 Dodging
 + Level 4.1 Stealth
 + Level 0.5 Shields
 + Level 0.5 Unarmed Combat
 + Level 0.5 Spellcasting
 + Level 0.3 Conjurations
 + Level 0.3 Hexes
 + Level 0.3 Charms
 + Level 0.3 Summonings
 + Level 0.3 Necromancy
 + Level 0.3 Translocations
 + Level 0.3 Transmutations
 + Level 0.3 Fire Magic
 + Level 0.3 Ice Magic
 + Level 0.3 Air Magic
 + Level 0.3 Earth Magic
 + Level 0.3 Poison Magic
 + Level 0.6 Invocations
 + Level 0.5 Evocations


You had 2 spell levels left.
You didn't know any spells.

Dungeon Overview and Level Annotations

Branches:
Dungeon (2/15)

Altars:


Innate Abilities, Weirdness & Mutations

Your experience applies equally to all skills.
You have very sharp teeth.
Your uncanny sense of smell can sniff out nearby items.


Message History

The gnoll misses you. The gnoll hits you. The gnoll barely misses you.
You thump the gnoll!
The gnoll is almost dead.
The gnoll misses you. The gnoll shaman misses you.
The gnoll closely misses you.
A jackal comes into view.
The jackal barks!
You hit the gnoll.
You kill the gnoll!
The gnoll hits you with a flail!
* * * LOW HITPOINT WARNING * * *
The gnoll shaman hits you with a club.
* * * LOW HITPOINT WARNING * * *
The kobold throws a stone.
The stone closely misses you. The gnoll barely misses you.
A jackal comes into view.
Unknown command.
The gnoll hits you with a flail!
Ouch! That really hurt!
You die...

#....# +h...+
#Kh..# #....#
#....# #....#
#†...#
########gg..###
#......@(g......
#.##############
#.# #.# #.# #.#
#.# #<# ###


You could see a gnoll shaman, 2 gnolls, 2 jackals and a kobold.

Vanquished Creatures
  A gnoll (D:2)
  2 goblins (D:1)
  A hobgoblin (D:1)
  3 bats (D:1)
  A frilled lizard (D:1)
  A kobold (D:1)
  4 rats (D:1)
13 creatures vanquished.

Notes
Turn   | Place    | Note
-------+----------+-------------------------------------------
     0 | D:1      | xccam the Gnoll Monk began the quest for the Orb.
     0 | D:1      | Reached XP level 1. HP: 23/23 MP: 1/1
   178 | D:1      | Reached XP level 2. HP: 27/29 MP: 2/2
   637 | D:2      | Mangled by a gnoll

Vault maps used:
D:1:      kennysheep_arrival_forest
D:2:      grunt_temple_overflow_forces_of_nature, trog_three_pillars_becter

Action                   || total
-------------------------++-------
Melee: Mace              ||    23
       Bite              ||     2
 Stab: Sleeping          ||     5
Armor: Robe              ||     3
Dodge: Dodged            ||    18

Table legend:
 A = Spawn XP
 B = Non-spawn XP
 C = Spawn XP percentage of total XP
 D = Spawn monster count
 E = Non-spawn monster count
 F = Spawn count percentage of total count
 G = Total turns spent on level
                    A         B        C        D         E        F      G
               +---------+---------+-------+---------+---------+-------+---------
         Total |       0 |      31 |   0.0 |       0 |      13 |   0.0 |   637
               +---------+---------+-------+---------+---------+-------+---------
           D:1 |       0 |      17 |   0.0 |       0 |      12 |   0.0 |   616
           D:2 |       0 |      14 |   0.0 |       0 |       1 |   0.0 |    21
               +---------+---------+-------+---------+---------+-------+---------
